[ AOE2 MATCH · #476320496 ]
Team RMRomans vs Persians
[ REPLAY ANALYSIS · EXTRACTED FROM THE RECORDED GAME ]
Feudal
13:42
Castle
23:56
Imperial
—
| APM avg | 12.1 |
| APM peak | 26 |
| eAPM avg | 8.1 |
| Villagers / military | 43 / 19 |
Focus
⚔️ 23.6% · 🌾 76.4%
Militia ×8 · Spearman ×8 · Monk ×3 · Trade Cart ×2
Feudal
12:03
Castle
20:53
Imperial
31:31
| APM avg | 18.5 |
| APM peak | 56 |
| eAPM avg | 14.2 |
| Villagers / military | 113 / 11 |
Focus
⚔️ 9.0% · 🌾 91.0%
Trade Cart ×11 · Hussite Wagon ×4 · Spearman ×4 · Monk ×2 · Mangonel ×1
Feudal
10:58
Castle
18:59
Imperial
—
| APM avg | 29.3 |
| APM peak | 66 |
| eAPM avg | 15.4 |
| Villagers / military | 103 / 60 |
Focus
⚔️ 22.9% · 🌾 77.1%
Spearman ×34 · Archer ×26
Feudal
12:47
Castle
16:55
Imperial
—
| APM avg | 14.5 |
| APM peak | 39 |
| eAPM avg | 10.4 |
| Villagers / military | 82 / 14 |
Focus
⚔️ 21.1% · 🌾 78.9%
Knight ×7 · Monk ×7
Feudal
10:09
Castle
18:45
Imperial
—
| APM avg | 14.4 |
| APM peak | 63 |
| eAPM avg | 8.6 |
| Villagers / military | 53 / 18 |
Focus
⚔️ 19.3% · 🌾 80.7%
War Elephant ×18
Feudal
15:28
Castle
18:07
Imperial
—
| APM avg | 30.2 |
| APM peak | 80 |
| eAPM avg | 14.2 |
| Villagers / military | 90 / 45 |
Focus
⚔️ 22.2% · 🌾 77.8%
Battle Elephant ×34 · Knight ×10 · Scout Cavalry ×1
Match map
Resources at game start + every placement click. Thick line = wall · dashed box = detected house wall. 🟡 gold · ⚪ stone · 🟢 berries · 🔶 boar · ⭕ relic
Inputs per minute
— simirfan - - M.S.
Build order — simirfan
116 actions detected in the replay
| 0:02 | Research | Loom |
| 0:03 | Create | Villager (Male) ×4 |
| 0:05 | Build | House |
| 0:07 | Build | House |
| 1:31 | Build | Lumber Camp |
| 2:01 | Create | Villager (Male) |
| 2:33 | Create | Villager (Male) |
| 2:58 | Create | Villager (Male) |
| 3:30 | Create | Villager (Male) |
| 3:39 | Build | House |
| 3:45 | Build | Mill |
| 4:22 | Create | Villager (Male) |
| 4:53 | Create | Villager (Male) |
| 4:53 | Create | Villager (Male) |
| 5:17 | Build | Palisade Wall |
| 5:46 | Build | House |
| 5:48 | Build | House |
| 5:54 | Create | Villager (Male) ×3 |
| 5:54 | Create | Villager (Male) ×3 |
| 6:44 | Build | Palisade Wall |
| 7:07 | Create | Villager (Male) ×3 |
| 7:58 | Create | Villager (Male) |
| 8:19 | Create | Villager (Male) |
| 9:25 | Create | Villager (Male) |
| 9:32 | Create | Villager (Male) |
| 9:33 | Create | Villager (Male) |
| 10:06 | Build | Mining Camp |
| 11:32 | Research | Feudal Age |
| 11:39 | Build | Barracks |
| 11:44 | Create | Villager (Male) |
| 11:45 | Create | Villager (Male) |
| 12:33 | Create | Villager (Male) |
| 12:41 | Build | Farm |
| 12:42 | Build | Farm |
| 12:43 | Build | Farm |
| 13:18 | Build | Farm |
| 13:22 | Build | Farm |
| 13:30 | Build | Farm |
| 13:37 | Create | Militia ×3 |
| 13:42 | Age | Feudal Age |
| 13:53 | Build | Blacksmith |
| 14:01 | Build | Market |
| 14:12 | Research | Double-Bit Axe |
| 14:24 | Create | Militia |
| 14:48 | Research | Man-at-Arms (upgrade) |
| 14:52 | Build | House |
| 14:54 | Build | House |
| 15:04 | Research | Scale Mail Armor |
| 15:15 | Create | Militia ×2 |
| 15:25 | Create | Spearman |
| 16:04 | Create | Villager (Male) |
| 16:05 | Create | Villager (Male) |
| 17:07 | Create | Villager (Male) |
| 17:07 | Create | Villager (Male) |
| 17:07 | Create | Villager (Male) |
| 17:10 | Research | Horse Collar |
| 17:16 | Build | Farm |
| 17:16 | Build | Farm |
| 17:17 | Build | Farm |
| 17:17 | Build | Farm |
| 17:17 | Build | Farm |
| 17:17 | Build | Farm |
| 17:18 | Build | Farm |
| 17:18 | Build | Farm |
| 17:18 | Build | Farm |
| 17:18 | Build | Farm |
| 18:17 | Create | Villager (Male) |
| 18:18 | Create | Villager (Male) |
| 18:26 | Build | House |
| 18:28 | Build | House |
| 18:28 | Build | House |
| 18:38 | Build | Building 487 |
| 18:48 | Build | Stone Wall |
| 19:21 | Create | Villager (Male) |
| 19:21 | Create | Villager (Male) |
| 19:34 | Research | Forging |
| 19:48 | Build | Farm |
| 19:48 | Build | Farm |
| 19:49 | Build | Farm |
| 19:53 | Create | Villager (Male) |
| 19:56 | Create | Trade Cart |
| 19:56 | Create | Trade Cart |
| 21:16 | Research | Castle Age |
| 21:24 | Build | Barracks |
| 21:31 | Create | Militia |
| 21:31 | Create | Militia |
| 22:03 | Build | Stone Wall |
| 22:16 | Create | Villager (Male) |
| 22:16 | Create | Villager (Male) |
| 22:35 | Build | Barracks |
| 22:47 | Build | Farm |
| 22:48 | Build | Farm |
| 22:51 | Research | Gold Mining |
| 23:11 | Create | Villager (Male) |
| 23:23 | Build | Building 487 |
| 23:28 | Build | Stone Wall |
| 23:53 | Research | Padded Archer Armor |
| 23:54 | Research | Fletching |
| 23:56 | Age | Castle Age |
| 24:22 | Build | Siege Workshop |
| 24:27 | Research | Chain Mail Armor |
| 24:28 | Research | Iron Casting |
| 24:31 | Create | Villager (Male) |
| 24:32 | Create | Villager (Male) |
| 24:43 | Create | Spearman ×3 |
| 25:06 | Build | Barracks |
| 25:26 | Build | Stone Wall |
| 25:43 | Research | Pikeman (upgrade) |
| 25:44 | Research | Squires |
| 26:20 | Build | Mining Camp |
| 26:29 | Build | Lumber Camp |
| 26:41 | Create | Spearman ×2 |
| 26:48 | Build | Monastery |
| 26:57 | Create | Spearman |
| 26:57 | Create | Spearman |
| 27:36 | Create | Monk ×3 |
Build order — M.S.
First 150 of 244 actions detected
| 0:01 | Create | Villager (Male) ×4 |
| 0:01 | Create | Villager (Male) |
| 0:01 | Create | Villager (Male) |
| 0:01 | Create | Villager (Male) |
| 0:01 | Create | Villager (Male) |
| 0:01 | Create | Villager (Male) |
| 0:01 | Create | Villager (Male) |
| 0:01 | Create | Villager (Male) |
| 0:01 | Create | Villager (Male) |
| 0:01 | Create | Villager (Male) |
| 0:01 | Create | Villager (Male) |
| 0:01 | Create | Villager (Male) |
| 0:01 | Create | Villager (Male) |
| 0:01 | Create | Villager (Male) |
| 0:01 | Create | Villager (Male) |
| 0:01 | Create | Villager (Male) |
| 0:01 | Create | Villager (Male) |
| 0:01 | Create | Villager (Male) |
| 0:01 | Create | Villager (Male) |
| 0:01 | Create | Villager (Male) |
| 0:01 | Create | Villager (Male) |
| 0:01 | Create | Villager (Male) |
| 0:01 | Create | Villager (Male) |
| 0:01 | Create | Villager (Male) |
| 0:01 | Create | Villager (Male) |
| 0:04 | Build | House |
| 1:28 | Create | Villager (Male) |
| 1:28 | Create | Villager (Male) |
| 1:48 | Build | House |
| 1:49 | Build | House |
| 1:50 | Build | House |
| 1:51 | Build | House |
| 2:07 | Create | Villager (Male) |
| 2:07 | Create | Villager (Male) |
| 2:25 | Create | Villager (Male) |
| 2:25 | Create | Villager (Male) |
| 2:57 | Create | Villager (Male) |
| 2:57 | Create | Villager (Male) |
| 3:12 | Build | Mill |
| 3:17 | Create | Villager (Male) |
| 3:17 | Create | Villager (Male) |
| 3:17 | Create | Villager (Male) |
| 3:35 | Build | House |
| 3:50 | Research | Loom |
| 3:54 | Create | Villager (Male) |
| 3:54 | Create | Villager (Male) |
| 4:37 | Create | Villager (Male) |
| 4:37 | Create | Villager (Male) |
| 4:37 | Create | Villager (Male) |
| 4:37 | Create | Villager (Male) |
| 4:42 | Create | Villager (Male) |
| 4:42 | Create | Villager (Male) |
| 5:13 | Create | Villager (Male) |
| 5:13 | Create | Villager (Male) |
| 5:13 | Create | Villager (Male) |
| 5:14 | Create | Villager (Male) |
| 5:45 | Create | Villager (Male) |
| 5:45 | Create | Villager (Male) |
| 5:45 | Create | Villager (Male) |
| 6:02 | Build | Lumber Camp |
| 6:25 | Create | Villager (Male) |
| 6:55 | Create | Villager (Male) |
| 7:15 | Create | Villager (Male) |
| 8:01 | Create | Villager (Male) |
| 8:01 | Create | Villager (Male) |
| 8:21 | Build | Mining Camp |
| 9:03 | Create | Villager (Male) |
| 9:03 | Create | Villager (Male) |
| 9:50 | Research | Feudal Age |
| 9:51 | Research | Feudal Age |
| 9:51 | Research | Feudal Age |
| 9:52 | Research | Feudal Age |
| 9:58 | Research | Feudal Age |
| 9:58 | Research | Feudal Age |
| 11:27 | Create | Villager (Male) |
| 11:28 | Create | Villager (Male) |
| 12:03 | Age | Feudal Age |
| 12:12 | Create | Villager (Male) |
| 12:14 | Research | Double-Bit Axe |
| 12:28 | Build | Market |
| 12:32 | Build | Blacksmith |
| 12:56 | Build | Mill |
| 13:09 | Build | Stone Wall |
| 13:12 | Build | Stone Wall |
| 13:18 | Build | Stone Wall |
| 13:27 | Create | Villager (Male) |
| 13:38 | Build | Farm |
| 13:38 | Build | Farm |
| 13:38 | Build | Farm |
| 13:38 | Build | Farm |
| 13:39 | Build | Farm |
| 13:39 | Build | Farm |
| 13:40 | Build | Farm |
| 13:40 | Build | Farm |
| 13:40 | Build | Farm |
| 13:41 | Build | Farm |
| 13:41 | Build | Farm |
| 13:42 | Create | Villager (Male) |
| 13:43 | Create | Villager (Male) |
| 14:04 | Build | House |
| 14:05 | Build | House |
| 14:15 | Create | Villager (Male) |
| 14:16 | Create | Villager (Male) |
| 14:50 | Build | Building 487 |
| 14:58 | Create | Villager (Male) |
| 15:00 | Research | Horse Collar |
| 15:43 | Create | Villager (Male) |
| 15:43 | Create | Villager (Male) |
| 16:22 | Create | Trade Cart |
| 16:27 | Create | Villager (Male) |
| 16:33 | Build | Farm |
| 16:33 | Build | Farm |
| 16:33 | Build | Farm |
| 16:33 | Build | Farm |
| 16:33 | Build | Farm |
| 16:34 | Build | Farm |
| 16:34 | Build | Farm |
| 16:36 | Create | Villager (Male) |
| 16:54 | Build | Mining Camp |
| 17:11 | Create | Villager (Male) |
| 17:39 | Create | Villager (Male) |
| 17:47 | Build | House |
| 17:48 | Build | House |
| 18:02 | Research | Castle Age |
| 18:19 | Create | Trade Cart |
| 18:46 | Build | Stone Wall |
| 18:49 | Build | Stone Wall |
| 18:53 | Build | Building 487 |
| 19:03 | Research | Wheelbarrow |
| 19:07 | Create | Trade Cart |
| 19:41 | Create | Trade Cart |
| 19:52 | Create | Trade Cart |
| 20:20 | Build | Stone Wall |
| 20:27 | Create | Trade Cart |
| 20:53 | Age | Castle Age |
| 21:05 | Build | Town Center |
| 21:09 | Research | Bow Saw |
| 21:20 | Research | Heavy Plow |
| 21:21 | Create | Villager (Male) |
| 21:21 | Create | Villager (Male) |
| 21:53 | Create | Trade Cart |
| 22:03 | Create | Villager (Male) |
| 22:24 | Build | Siege Workshop |
| 22:41 | Create | Villager (Male) |
| 22:42 | Create | Villager (Male) |
| 22:58 | Create | Villager (Male) |
| 23:09 | Create | Villager (Male) |
| 23:10 | Create | Villager (Male) |
| 23:16 | Build | Farm |
| 23:16 | Build | Farm |
Build order — Preft
First 150 of 238 actions detected
| 0:03 | Build | House |
| 0:07 | Build | House |
| 0:09 | Create | Villager (Male) |
| 0:09 | Create | Villager (Male) |
| 0:09 | Create | Villager (Male) ×2 |
| 0:10 | Create | Villager (Male) ×2 |
| 1:38 | Create | Villager (Male) |
| 1:57 | Research | Loom |
| 2:24 | Create | Villager (Male) ×2 |
| 3:12 | Create | Villager (Male) ×2 |
| 3:12 | Create | Villager (Male) ×2 |
| 3:17 | Build | Lumber Camp |
| 3:26 | Create | Villager (Male) |
| 3:26 | Create | Villager (Male) |
| 4:02 | Build | House |
| 4:12 | Create | Villager (Male) ×2 |
| 4:16 | Build | House |
| 4:50 | Build | House |
| 5:20 | Create | Villager (Male) ×3 |
| 5:20 | Create | Villager (Male) ×3 |
| 5:39 | Create | Villager (Male) ×2 |
| 5:40 | Create | Villager (Male) ×2 |
| 6:29 | Build | Mill |
| 7:17 | Create | Villager (Male) |
| 7:17 | Create | Villager (Male) |
| 7:56 | Build | Mining Camp |
| 8:25 | Build | Farm |
| 8:26 | Build | Farm |
| 8:27 | Build | Farm |
| 8:27 | Build | Farm |
| 8:28 | Build | Farm |
| 8:29 | Build | Farm |
| 8:48 | Research | Feudal Age |
| 8:53 | Build | Farm |
| 9:04 | Build | Farm |
| 9:19 | Build | Farm |
| 9:42 | Build | Farm |
| 10:29 | Create | Villager (Male) |
| 10:29 | Create | Villager (Male) |
| 10:58 | Age | Feudal Age |
| 11:06 | Build | Barracks |
| 11:09 | Research | Horse Collar |
| 11:11 | Research | Double-Bit Axe |
| 11:14 | Create | Villager (Male) |
| 11:14 | Create | Villager (Male) |
| 11:26 | Create | Villager (Male) |
| 11:26 | Create | Villager (Male) |
| 11:59 | Build | House |
| 12:05 | Create | Villager (Male) |
| 12:14 | Build | Archery Range |
| 12:54 | Create | Villager (Male) |
| 13:00 | Build | Blacksmith |
| 13:15 | Research | Gold Mining |
| 13:19 | Create | Archer |
| 13:20 | Create | Archer |
| 13:41 | Build | Farm |
| 13:45 | Build | House |
| 13:53 | Create | Archer |
| 13:54 | Create | Archer |
| 13:56 | Build | House |
| 14:13 | Build | Farm |
| 14:21 | Create | Villager (Male) |
| 14:21 | Create | Villager (Male) |
| 14:36 | Create | Archer |
| 15:04 | Create | Villager (Male) |
| 15:04 | Create | Villager (Male) |
| 15:39 | Create | Archer |
| 15:52 | Create | Archer |
| 15:53 | Create | Archer |
| 16:09 | Build | Farm |
| 16:19 | Research | Castle Age |
| 17:10 | Research | Padded Archer Armor |
| 17:10 | Research | Fletching |
| 18:59 | Age | Castle Age |
| 19:08 | Research | Squires |
| 19:10 | Research | Crossbowman (upgrade) |
| 19:14 | Create | Villager (Male) |
| 19:14 | Create | Villager (Male) |
| 19:14 | Create | Villager (Male) |
| 19:17 | Research | Bow Saw |
| 19:30 | Build | Town Center |
| 19:40 | Build | Town Center |
| 19:43 | Create | Villager (Male) |
| 20:38 | Create | Spearman |
| 20:38 | Create | Spearman |
| 20:38 | Create | Spearman |
| 20:38 | Create | Spearman |
| 20:41 | Create | Archer |
| 20:41 | Create | Archer |
| 20:41 | Create | Archer |
| 20:41 | Create | Archer |
| 20:44 | Create | Villager (Male) |
| 20:45 | Create | Villager (Male) |
| 20:45 | Create | Villager (Male) |
| 20:49 | Build | Farm |
| 20:50 | Build | Farm |
| 20:50 | Build | Farm |
| 20:51 | Build | Farm |
| 20:56 | Build | House |
| 20:57 | Build | House |
| 20:57 | Build | House |
| 21:02 | Create | Villager (Male) |
| 21:03 | Create | Villager (Male) |
| 21:03 | Create | Villager (Male) |
| 21:03 | Create | Villager (Male) |
| 21:14 | Research | Heavy Plow |
| 21:16 | Create | Villager (Male) |
| 21:41 | Create | Villager (Male) |
| 21:48 | Build | Farm |
| 21:57 | Create | Villager (Male) |
| 21:57 | Create | Villager (Male) |
| 21:57 | Create | Villager (Male) |
| 21:59 | Create | Archer |
| 22:00 | Create | Archer |
| 22:36 | Create | Villager (Male) |
| 22:37 | Create | Villager (Male) |
| 22:39 | Create | Villager (Male) |
| 22:45 | Build | House |
| 22:47 | Build | House |
| 22:47 | Build | House |
| 22:48 | Build | House |
| 22:49 | Build | House |
| 22:53 | Create | Spearman |
| 22:53 | Create | Spearman |
| 22:54 | Create | Spearman |
| 22:56 | Create | Archer |
| 22:56 | Create | Archer |
| 22:56 | Create | Archer |
| 23:08 | Create | Villager (Male) |
| 23:08 | Create | Villager (Male) |
| 23:17 | Build | Farm |
| 23:18 | Build | Farm |
| 23:20 | Build | Farm |
| 23:21 | Build | Farm |
| 23:23 | Build | Farm |
| 23:25 | Build | Farm |
| 23:26 | Build | Farm |
| 23:32 | Create | Villager (Male) |
| 23:32 | Create | Villager (Male) |
| 23:53 | Create | Villager (Male) |
| 23:53 | Create | Villager (Male) |
| 23:55 | Create | Villager (Male) |
| 23:55 | Create | Villager (Male) |
| 24:15 | Create | Villager (Male) |
| 24:17 | Create | Villager (Male) |
| 24:17 | Create | Villager (Male) |
| 24:19 | Create | Villager (Male) |
| 24:29 | Create | Archer |
| 24:29 | Create | Archer |
| 24:31 | Create | Spearman |
Build order — Geosim
125 actions detected in the replay
| 0:06 | Create | Villager (Male) ×4 |
| 2:17 | Create | Villager (Male) |
| 2:17 | Create | Villager (Male) |
| 2:22 | Create | Villager (Male) |
| 2:50 | Create | Villager (Male) |
| 2:50 | Create | Villager (Male) |
| 2:50 | Create | Villager (Male) |
| 2:50 | Create | Villager (Male) |
| 2:50 | Create | Villager (Male) |
| 2:51 | Create | Villager (Male) |
| 2:51 | Create | Villager (Male) |
| 3:41 | Build | Lumber Camp |
| 3:52 | Create | Villager (Male) |
| 3:52 | Create | Villager (Male) |
| 3:53 | Create | Villager (Male) |
| 5:08 | Create | Villager (Male) ×3 |
| 5:25 | Build | Mill |
| 5:57 | Create | Villager (Male) ×2 |
| 6:08 | Create | Villager (Male) |
| 7:05 | Create | Villager (Male) |
| 7:07 | Create | Villager (Male) |
| 7:59 | Create | Villager (Male) |
| 8:00 | Create | Villager (Male) |
| 8:50 | Build | Farm |
| 8:50 | Build | Farm |
| 8:51 | Build | Farm |
| 8:52 | Build | Farm |
| 9:07 | Build | Farm |
| 9:09 | Create | Villager (Male) |
| 9:09 | Create | Villager (Male) |
| 9:24 | Create | Villager (Male) |
| 9:48 | Research | Feudal Age |
| 10:06 | Build | Mill |
| 10:13 | Build | Mining Camp |
| 11:31 | Create | Villager (Male) |
| 11:31 | Create | Villager (Male) |
| 12:47 | Age | Feudal Age |
| 12:51 | Build | Market |
| 12:59 | Build | Blacksmith |
| 13:03 | Research | Double-Bit Axe |
| 13:06 | Create | Villager (Male) |
| 13:33 | Build | Farm |
| 13:34 | Build | Farm |
| 13:34 | Build | Farm |
| 13:35 | Build | Farm |
| 14:15 | Research | Castle Age |
| 14:15 | Research | Castle Age |
| 14:26 | Build | Barracks |
| 14:36 | Research | Horse Collar |
| 15:05 | Research | Gold Mining |
| 15:21 | Research | Loom |
| 15:45 | Research | Wheelbarrow |
| 15:48 | Build | Farm |
| 15:49 | Build | Farm |
| 15:49 | Build | Farm |
| 15:50 | Build | Farm |
| 15:53 | Build | Farm |
| 16:11 | Build | Building 796 |
| 16:22 | Create | Villager (Male) |
| 16:24 | Create | Villager (Male) |
| 16:50 | Build | Stable |
| 16:55 | Age | Castle Age |
| 17:08 | Research | Bow Saw |
| 17:34 | Research | Heavy Plow |
| 17:55 | Create | Knight ×2 |
| 18:09 | Build | Monastery |
| 18:32 | Research | Husbandry |
| 19:04 | Build | Stable |
| 19:06 | Create | Monk |
| 19:16 | Create | Villager (Male) |
| 19:16 | Create | Villager (Male) |
| 19:38 | Build | Farm |
| 19:41 | Create | Villager (Male) |
| 20:08 | Build | Mining Camp |
| 20:10 | Create | Monk |
| 20:23 | Create | Villager (Male) |
| 20:23 | Create | Villager (Male) |
| 20:44 | Build | Town Center |
| 20:52 | Create | Villager (Male) |
| 21:00 | Research | Bloodlines |
| 21:05 | Research | Forging |
| 21:05 | Research | Scale Barding Armor |
| 21:35 | Create | Villager (Male) |
| 21:36 | Create | Villager (Male) |
| 22:13 | Build | Town Center |
| 22:25 | Build | Mining Camp |
| 22:42 | Research | Hand Cart |
| 22:43 | Create | Villager (Male) |
| 22:44 | Create | Villager (Male) |
| 23:17 | Create | Villager (Male) ×5 |
| 23:55 | Build | Town Center |
| 24:01 | Create | Villager (Male) |
| 24:23 | Create | Knight ×2 |
| 25:18 | Build | Farm |
| 25:18 | Build | Farm |
| 25:23 | Create | Villager (Male) ×5 |
| 25:40 | Create | Monk |
| 26:03 | Create | Knight |
| 26:03 | Create | Knight |
| 26:03 | Create | Knight |
| 26:23 | Create | Villager (Male) ×5 |
| 26:35 | Build | Monastery |
| 26:45 | Research | Fervor |
| 27:18 | Build | Farm |
| 27:33 | Create | Villager (Male) ×5 |
| 28:00 | Research | Atonement |
| 28:15 | Research | Town Watch |
| 28:16 | Create | Villager (Male) ×5 |
| 28:24 | Create | Monk |
| 28:25 | Create | Monk |
| 28:39 | Create | Monk |
| 28:39 | Create | Monk |
| 28:45 | Build | Stable |
| 28:45 | Build | Stable |
| 28:45 | Build | Stable |
| 28:46 | Build | Stable |
| 28:46 | Build | Stable |
| 28:46 | Build | Stable |
| 28:47 | Build | Stable |
| 28:59 | Create | Villager (Male) ×5 |
| 29:00 | Create | Villager (Male) |
| 29:25 | Research | Pikeman (upgrade) |
| 29:26 | Research | Squires |
| 29:32 | Create | Villager (Male) ×5 |
| 30:15 | Build | Castle |
Build order — Maxtibu
First 150 of 165 actions detected
| 0:02 | Create | Villager (Male) |
| 0:02 | Create | Villager (Male) |
| 0:03 | Create | Villager (Male) |
| 0:10 | Build | House |
| 0:37 | Create | Villager (Male) |
| 0:37 | Create | Villager (Male) |
| 0:37 | Create | Villager (Male) |
| 1:33 | Build | Mill |
| 1:57 | Create | Villager (Male) |
| 1:57 | Create | Villager (Male) |
| 2:44 | Create | Villager (Male) |
| 2:44 | Create | Villager (Male) |
| 2:44 | Create | Villager (Male) |
| 2:50 | Research | Loom |
| 2:57 | Build | House |
| 3:16 | Create | Villager (Male) |
| 3:17 | Create | Villager (Male) |
| 3:17 | Create | Villager (Male) |
| 3:18 | Create | Villager (Male) |
| 3:29 | Build | Lumber Camp |
| 3:39 | Create | Villager (Male) |
| 4:29 | Create | Villager (Male) |
| 4:41 | Create | Villager (Male) |
| 5:09 | Create | Villager (Male) |
| 5:26 | Build | House |
| 5:56 | Create | Villager (Male) |
| 6:24 | Build | House |
| 6:52 | Create | Villager (Male) |
| 7:34 | Create | Villager (Male) |
| 7:54 | Build | Lumber Camp |
| 7:56 | Research | Feudal Age |
| 8:12 | Build | Farm |
| 8:54 | Build | Farm |
| 9:00 | Create | Villager (Male) |
| 9:14 | Build | Farm |
| 9:22 | Build | Farm |
| 10:09 | Age | Feudal Age |
| 10:22 | Research | Horse Collar |
| 10:25 | Research | Double-Bit Axe |
| 10:41 | Create | Villager (Male) |
| 11:06 | Create | Villager (Male) |
| 11:15 | Create | Villager (Male) |
| 11:19 | Build | Farm |
| 11:19 | Build | Farm |
| 11:20 | Build | Farm |
| 11:20 | Build | Farm |
| 11:29 | Build | House |
| 11:34 | Research | Wheelbarrow |
| 12:06 | Build | Market |
| 12:29 | Build | Farm |
| 12:42 | Create | Villager (Male) |
| 12:59 | Create | Villager (Male) |
| 13:02 | Build | Blacksmith |
| 13:28 | Build | Mining Camp |
| 13:35 | Build | House |
| 13:37 | Build | House |
| 13:47 | Create | Villager (Male) |
| 13:57 | Create | Villager (Male) |
| 14:19 | Build | Farm |
| 14:22 | Research | Gold Mining |
| 14:26 | Create | Villager (Male) |
| 14:47 | Create | Villager (Male) |
| 15:01 | Build | Farm |
| 15:12 | Create | Villager (Male) |
| 15:15 | Build | Farm |
| 15:54 | Create | Villager (Male) |
| 16:02 | Build | Mining Camp |
| 16:20 | Research | Castle Age |
| 17:15 | Build | Palisade Wall |
| 17:21 | Build | Palisade Wall |
| 17:55 | Research | Stone Mining |
| 18:45 | Age | Castle Age |
| 18:51 | Research | Hand Cart |
| 19:14 | Research | Heavy Plow |
| 19:18 | Research | Bow Saw |
| 19:42 | Build | Castle |
| 19:50 | Create | Villager (Male) |
| 20:01 | Create | Villager (Male) |
| 20:22 | Create | Villager (Male) |
| 20:50 | Create | Villager (Male) |
| 20:53 | Build | Farm |
| 20:55 | Build | Farm |
| 21:06 | Build | Mining Camp |
| 21:17 | Create | War Elephant |
| 21:27 | Research | Gold Shaft Mining |
| 21:29 | Create | Villager (Male) |
| 21:30 | Create | Villager (Male) |
| 21:34 | Build | Farm |
| 21:36 | Build | Farm |
| 21:58 | Build | Stone Wall |
| 22:02 | Build | Building 490 |
| 22:12 | Build | Stone Wall |
| 22:15 | Create | Villager (Male) |
| 22:44 | Create | War Elephant |
| 22:49 | Build | Building 490 |
| 22:59 | Create | Villager (Male) |
| 23:04 | Build | Farm |
| 23:10 | Create | Villager (Male) |
| 23:14 | Build | University |
| 23:21 | Create | War Elephant |
| 23:41 | Create | Villager (Male) |
| 23:46 | Build | Farm |
| 23:48 | Build | Farm |
| 23:49 | Build | Farm |
| 23:55 | Create | War Elephant |
| 23:58 | Create | Villager (Male) |
| 24:14 | Create | War Elephant |
| 24:17 | Create | Villager (Male) |
| 24:22 | Build | Farm |
| 24:24 | Build | Farm |
| 24:29 | Build | Farm |
| 24:37 | Create | War Elephant |
| 25:03 | Build | Barracks |
| 25:08 | Build | House |
| 25:09 | Build | House |
| 25:10 | Build | House |
| 25:10 | Build | House |
| 25:11 | Build | House |
| 25:21 | Build | Stone Wall |
| 25:23 | Create | War Elephant |
| 25:25 | Create | Villager (Male) |
| 25:34 | Build | Lumber Camp |
| 25:40 | Research | Masonry |
| 25:48 | Create | War Elephant |
| 26:19 | Build | Farm |
| 26:23 | Create | War Elephant |
| 26:25 | Create | Villager (Male) |
| 26:42 | Create | War Elephant |
| 26:51 | Build | Stable |
| 26:58 | Build | Stone Wall |
| 27:06 | Create | War Elephant |
| 27:19 | Build | Farm |
| 27:23 | Research | Scale Barding Armor |
| 27:44 | Build | Farm |
| 27:45 | Create | War Elephant |
| 28:01 | Research | Husbandry |
| 28:08 | Research | Forging |
| 28:17 | Create | Villager (Male) |
| 28:22 | Build | Farm |
| 28:24 | Build | Farm |
| 28:33 | Create | War Elephant |
| 28:46 | Create | Villager (Male) |
| 29:20 | Research | Iron Casting |
| 29:33 | Research | Bloodlines |
| 29:38 | Build | Monastery |
| 29:41 | Create | War Elephant |
| 29:45 | Create | Villager (Male) |
| 29:55 | Build | Mill |
| 29:57 | Build | Farm |
| 29:57 | Build | Farm |
Build order — Bilythebest
First 150 of 201 actions detected
| 0:03 | Create | Villager (Male) |
| 0:04 | Create | Villager (Male) |
| 0:04 | Create | Villager (Male) |
| 0:04 | Create | Villager (Male) |
| 0:04 | Create | Villager (Male) |
| 0:05 | Create | Villager (Male) |
| 0:06 | Build | House |
| 0:07 | Build | House |
| 1:32 | Create | Villager (Male) |
| 1:32 | Create | Villager (Male) |
| 2:16 | Create | Villager (Male) |
| 2:16 | Create | Villager (Male) |
| 2:27 | Build | Lumber Camp |
| 2:37 | Create | Villager (Male) |
| 2:37 | Create | Villager (Male) |
| 3:03 | Create | Villager (Male) |
| 3:03 | Create | Villager (Male) |
| 3:20 | Create | Villager (Male) |
| 3:21 | Create | Villager (Male) |
| 3:35 | Build | House |
| 3:36 | Build | House |
| 3:43 | Create | Villager (Male) |
| 3:43 | Create | Villager (Male) |
| 4:15 | Create | Villager (Male) |
| 4:15 | Create | Villager (Male) |
| 4:38 | Create | Villager (Male) |
| 4:38 | Create | Villager (Male) |
| 5:05 | Create | Villager (Male) |
| 5:06 | Create | Villager (Male) |
| 5:10 | Build | Mill |
| 5:19 | Create | Villager (Male) |
| 5:19 | Create | Villager (Male) |
| 5:19 | Create | Villager (Male) |
| 5:57 | Create | Villager (Male) |
| 6:12 | Create | Villager (Male) |
| 6:12 | Create | Villager (Male) |
| 6:38 | Build | House |
| 6:53 | Create | Villager (Male) |
| 6:53 | Create | Villager (Male) |
| 7:06 | Build | Palisade Wall |
| 7:07 | Create | Villager (Male) |
| 7:07 | Create | Villager (Male) |
| 8:06 | Create | Villager (Male) |
| 8:06 | Create | Villager (Male) |
| 8:06 | Create | Villager (Male) |
| 8:20 | Create | Villager (Male) |
| 8:43 | Create | Villager (Male) |
| 8:44 | Create | Villager (Male) |
| 9:26 | Create | Villager (Male) |
| 9:26 | Create | Villager (Male) |
| 9:26 | Create | Villager (Male) |
| 9:32 | Build | House |
| 9:33 | Build | House |
| 9:58 | Build | Farm |
| 9:58 | Build | Farm |
| 9:59 | Build | Farm |
| 10:00 | Build | Farm |
| 10:03 | Build | Farm |
| 10:10 | Build | Farm |
| 10:11 | Build | Farm |
| 10:47 | Create | Villager (Male) |
| 10:48 | Create | Villager (Male) |
| 11:30 | Build | Farm |
| 11:33 | Create | Villager (Male) |
| 11:34 | Create | Villager (Male) |
| 11:35 | Research | Loom |
| 11:39 | Create | Villager (Male) |
| 11:39 | Create | Villager (Male) |
| 11:40 | Create | Villager (Male) |
| 11:40 | Create | Villager (Male) |
| 12:15 | Build | Palisade Wall |
| 12:46 | Research | Feudal Age |
| 12:55 | Create | Villager (Male) |
| 12:55 | Create | Villager (Male) |
| 12:55 | Create | Villager (Male) |
| 12:58 | Build | Farm |
| 12:59 | Build | Farm |
| 13:01 | Build | Farm |
| 13:06 | Build | Farm |
| 13:07 | Build | Farm |
| 13:13 | Build | Farm |
| 14:07 | Research | Feudal Age |
| 14:15 | Build | Mining Camp |
| 15:28 | Age | Feudal Age |
| 15:29 | Build | Market |
| 15:30 | Create | Villager (Male) |
| 15:31 | Create | Villager (Male) |
| 15:35 | Build | Blacksmith |
| 16:31 | Research | Castle Age |
| 16:51 | Build | Barracks |
| 16:56 | Research | Scale Barding Armor |
| 17:46 | Build | Stable |
| 17:50 | Build | Stable |
| 17:55 | Create | Villager (Male) |
| 17:55 | Create | Villager (Male) |
| 18:07 | Age | Castle Age |
| 18:09 | Build | Farm |
| 18:11 | Build | Farm |
| 18:21 | Build | House |
| 18:24 | Build | House |
| 18:25 | Build | House |
| 18:38 | Create | Battle Elephant |
| 18:38 | Create | Battle Elephant |
| 18:46 | Create | Battle Elephant |
| 18:55 | Build | Farm |
| 19:03 | Create | Battle Elephant |
| 19:03 | Create | Battle Elephant |
| 19:12 | Build | Farm |
| 19:25 | Create | Villager (Male) |
| 19:25 | Create | Villager (Male) |
| 19:34 | Create | Battle Elephant ×2 |
| 19:44 | Build | Farm |
| 20:02 | Create | Battle Elephant |
| 20:19 | Create | Battle Elephant ×2 |
| 20:28 | Create | Villager (Male) |
| 20:36 | Build | Farm |
| 20:44 | Create | Battle Elephant |
| 20:51 | Create | Villager (Male) |
| 21:13 | Create | Battle Elephant |
| 21:16 | Build | House |
| 21:19 | Build | House |
| 21:20 | Build | House |
| 21:22 | Build | House |
| 21:34 | Create | Battle Elephant |
| 21:39 | Create | Villager (Male) |
| 21:46 | Build | House |
| 21:47 | Build | House |
| 21:51 | Create | Battle Elephant |
| 22:06 | Create | Battle Elephant |
| 22:06 | Create | Battle Elephant |
| 22:11 | Create | Villager (Male) |
| 22:11 | Create | Villager (Male) |
| 22:14 | Build | Farm |
| 22:26 | Create | Battle Elephant |
| 22:27 | Create | Battle Elephant |
| 22:39 | Create | Battle Elephant |
| 22:45 | Create | Battle Elephant |
| 22:54 | Build | Farm |
| 23:10 | Create | Battle Elephant |
| 23:27 | Create | Villager (Male) |
| 23:32 | Create | Battle Elephant |
| 23:32 | Create | Battle Elephant |
| 23:50 | Create | Battle Elephant |
| 23:50 | Create | Battle Elephant |
| 24:03 | Create | Battle Elephant |
| 24:22 | Create | Battle Elephant |
| 24:23 | Create | Battle Elephant |
| 24:41 | Create | Battle Elephant |
| 24:42 | Create | Battle Elephant |
| 24:51 | Research | Husbandry |
Match timeline
| 5:17 | simirfan · wall_segment Palisade Wall x8 |
| 6:44 | simirfan · wall_segment Palisade Wall x32 |
| 7:06 | Bilythebest · wall_segment Palisade Wall x5 |
| 10:09 | Maxtibu · age_up feudal |
| 10:58 | Preft · age_up feudal |
| 11:06 | Preft · first_building Barracks |
| 11:39 | simirfan · first_building Barracks |
| 12:03 | M.S. · age_up feudal |
| 12:14 | Preft · first_building Archery Range |
| 12:15 | Bilythebest · wall_segment Palisade Wall x4 |
| 12:47 | Geosim · age_up feudal |
| 13:09 | M.S. · wall_segment Stone Wall x22 |
| 13:12 | M.S. · wall_segment Stone Wall x4 |
| 13:18 | M.S. · wall_segment Stone Wall x15 |
| 13:42 | simirfan · age_up feudal |
| 14:26 | Geosim · first_building Barracks |
| 14:43 | M.S. · first_market_buy 100 stone |
| 14:44 | simirfan · first_market_buy 100 food |
| 15:28 | Bilythebest · age_up feudal |
| 16:50 | Geosim · first_building Stable |
| 16:51 | Bilythebest · first_building Barracks |
| 16:55 | Geosim · age_up castle |
| 17:15 | Maxtibu · wall_segment Palisade Wall x14 |
| 17:21 | Maxtibu · wall_segment Palisade Wall x14 |
| 17:46 | Bilythebest · first_building Stable |
| 17:58 | M.S. · first_market_sell 100 wood |
| 18:07 | Bilythebest · age_up castle |
| 18:09 | Geosim · first_building Monastery |
| 18:45 | Maxtibu · age_up castle |
| 18:46 | M.S. · wall_segment Stone Wall x6 |
| 18:48 | simirfan · wall_segment Stone Wall x12 |
| 18:49 | M.S. · wall_segment Stone Wall x17 |
| 18:59 | Preft · age_up castle |
| 19:42 | Maxtibu · first_building Castle |
| 20:17 | Bilythebest · first_market_sell 100 stone |
| 20:20 | M.S. · wall_segment Stone Wall x15 |
| 20:40 | Geosim · first_market_buy 100 wood |
| 20:53 | M.S. · age_up castle |
| 21:58 | Maxtibu · wall_segment Stone Wall x8 |
| 22:03 | simirfan · wall_segment Stone Wall x5 |
| 22:12 | Maxtibu · wall_segment Stone Wall x10 |
| 22:24 | M.S. · first_building Siege Workshop |
| 23:28 | simirfan · wall_segment Stone Wall x4 |
| 23:56 | simirfan · age_up castle |
| 24:22 | simirfan · first_building Siege Workshop |
| 24:37 | M.S. · first_building Monastery |
| 24:48 | Bilythebest · first_market_buy 100 food |
| 25:03 | Maxtibu · first_building Barracks |
| 25:21 | Maxtibu · wall_segment Stone Wall x1 |
| 25:22 | Preft · first_building Monastery |
| 25:26 | simirfan · wall_segment Stone Wall x8 |
| 26:48 | simirfan · first_building Monastery |
| 26:51 | Maxtibu · first_building Stable |
| 26:58 | Maxtibu · wall_segment Stone Wall x1 |
| 27:24 | M.S. · first_building Castle |
| 27:53 | Maxtibu · first_market_buy 100 food |
| 29:36 | M.S. · first_building Barracks |
| 29:38 | Maxtibu · first_building Monastery |
| 30:15 | Geosim · first_building Castle |
| 31:21 | Geosim · resign |
| 31:31 | M.S. · age_up imperial |
[ AI ANALYSIS · 1 CREDIT ]
What really happened in this match?
Wolo.gg analyzes every decision: build order, eco, micro, common mistakes by bracket. Personalized analysis on WhatsApp or Discord in 30 seconds.
Civ guide
Romans
Map guide
Hideout
Perfil
simirfan